 Dungeon Crawl Stone Soup version 0.30.0-29-ga12c61a403 (webtiles) character file.

Game seed: 15469188374508191750

26450 McKennaii the Destroyer (level 12, -1/81 HPs)
             Began as a Demigod Conjurer on June 6, 2023.
             Slain by Jorgrun
             ... wielding a +0 heavy quarterstaff
              (6 damage)
             ... while petrified by Jorgrun
             ... on level 13 of the Dungeon.
             The game lasted 00:22:41 (16238 turns).

McKennaii the Destroyer (Demigod Conjurer)         Turns: 16238, Time: 00:22:42

Health: -1/81      AC:  6    Str:  8    XL:     12   Next: 61%
Magic:  21/32      EV: -1    Int: 36    God:
Gold:   1016       SH:  0    Dex: 12    Spells: 22/34 levels left

rFire   . . .        f - +3 trident (freeze)
rCold   . . .        (no shield)
rNeg    + + +        e - +0 steam dragon scales
rPois   ∞            d - +0 helmet
rElec   .            (no cloak)
rCorr   .            (no gloves)
SInv    .            (no boots)
Will    +....        A - amulet of magic regeneration
Stlth   ++           y - +5 ring of evasion
HPRegen 0.33/turn    (no ring)
MPRegen 0.63/turn

%: no passive effects
@: petrified, grasped by roots, constricted
A: high MP 1, forlorn, divine attributes
a: no special abilities


You were on level 13 of the Dungeon.
You visited 1 branch of the dungeon, and saw 13 of its levels.
You also visited: Sewer and Bailey.

You collected 1016 gold pieces.

Inventory:

Hand Weapons
 f - a +3 trident of freezing (weapon)
Armour
 d - a +0 helmet (worn)
 e - +0 steam dragon scales (worn)
Jewellery
 y - a +5 ring of evasion (left hand)
 A - an amulet of magic regeneration (around neck)
Wands
 u - a wand of roots (13)
 z - a wand of paralysis (14)
 H - a wand of flame (24)
 J - a wand of mindburst (4)
Scrolls
 a - 4 scrolls of identify
 h - 5 scrolls of fog
 j - a scroll of magic mapping
 k - 3 scrolls of silence
 m - 7 scrolls of teleportation
 q - 3 scrolls of enchant armour
 s - 2 scrolls of poison {unknown}
 x - 5 scrolls of blinking
 B - 2 scrolls of acquirement
 C - 8 scrolls of vulnerability {unknown}
 D - a scroll of fear
 E - a scroll of amnesia {unknown}
 F - 3 scrolls of enchant weapon {unknown}
 G - 2 scrolls of immolation {unknown}
 K - a scroll of brand weapon {unknown}
Potions
 b - 2 potions of magic
 c - a potion of flight
 g - 2 potions of brilliance
 i - 4 potions of heal wounds {unknown}
 l - 4 potions of attraction {unknown}
 n - 2 potions of berserk rage {unknown}
 o - 4 potions of haste
 p - 4 potions of lignification {unknown}
 r - 2 potions of mutation {unknown}
 t - 3 potions of resistance {unknown}
 v - 8 potions of curing
 w - 3 potions of might {unknown}
 I - a potion of invisibility


   Skills:
 - Level 1.7 Dodging
 - Level 1.7 Stealth
 + Level 11.5 Spellcasting
 + Level 12.8 Conjurations
 + Level 10.7 Fire Magic


You had 22 spell levels left.
You knew the following spells:

 Your Spells              Type           Power      Damage    Failure   Level
a - Magic Dart            Conj           100%       1d8       0%          1
b - Searing Ray           Conj           100%       2d8       0%          2
c - Iskenderun's Mystic   Conj/Tloc      61%        2d13      1%          4
d - Fireball              Conj/Fire      40%        3d16      1%          5

Your spell library contained the following spells:

 Spells                   Type           Power      Damage    Failure   Level
 Foxfire                  Conj/Fire      100%       2x1d9     0%          1
 Apportation              Tloc           40%        N/A       1%          1
 Necrotise                Necr           80%        1d8       1%          1
 Dazzling Flash           Conj/Hex       100%       N/A       1%          3
 Fulminant Prism          Conj/Hex       30%        3d16      1%          4
 Starburst                Conj/Fire      40%        6d12      2%          6
 Ozocubu's Armour         Ice            20%        N/A       6%          3
 Vampiric Draining        Necr           20%        2d7       6%          3
 Plasma Beam              Fire/Air       28%        2x1d44    32%         6
 Agony                    Necr           20%        N/A       50%         5
 Alistair's Intoxication  Tmut/Pois      13%        N/A       50%         5
 Metabolic Englaciation   Hex/Ice        10%        N/A       50%         5
 Silence                  Hex/Air        10%        N/A       50%         5
 Simulacrum               Ice/Necr       10%        N/A       97%         6


Dungeon Overview and Level Annotations

Branches:
Dungeon (13/15)            Temple (0/1) D:6            Lair (0/5) D:11
    Orc (0/2) D:10         Vaults (0/5) D:13          Sewer (visited)
 Bailey (visited)

Shops:
D:13 (

Annotations:
D:9 2 transporters
D:13 Jorgrun


Innate Abilities, Weirdness & Mutations

You have an increased reservoir of magic. (+10% MP)
You shall have no god before yourself.
Your divine heritage dramatically boosts your attributes as you level up.


Message History

You are slowing down.
Unknown command.
Unknown command.
Casting: Iskenderun's Mystic Blast (mildly dangerous; 1% risk of failure)
Confirm with . or Enter, or press ? or * to list all spells.
Aiming: Fireball (mildly dangerous; 1% risk of failure)
Press: ? - help, Shift-Dir - straight line, f/p - Jorgrun
Aim: Jorgrun, wielding a +0 heavy quarterstaff and wearing a +2 robe of positive energy (heavily wounded)
The fireball explodes!
The fireball engulfs Jorgrun!!
Jorgrun is severely wounded.
Jorgrun gestures at you while chanting.
Roots burst forth from the earth!
The grasping roots grab you! The grasping roots constrict you!
Your limbs are stiffening.
Unknown command.
Unknown command.
Casting: Fireball (mildly dangerous; 1% risk of failure)
Confirm with . or Enter, or press ? or * to list all spells.
Aiming: Fireball (mildly dangerous; 1% risk of failure)
Press: ? - help, Shift-Dir - straight line, f/p - Jorgrun
Aim: Jorgrun, wielding a +0 heavy quarterstaff and wearing a +2 robe of positive energy (severely wounded)
The fireball explodes!
The fireball engulfs Jorgrun!!
Jorgrun is severely wounded.
The grasping roots constrict you. The grasping roots constrict you!
You have turned to stone.
Jorgrun hits you but does no damage. The grasping roots constrict you!
Jorgrun hits you with a +0 heavy quarterstaff!!
The grasping roots constrict you.
Jorgrun hits you with a +0 heavy quarterstaff!
The grasping roots constrict you.
Jorgrun says, "I've ne'er se'n tha particular type o' rock formation 'fore."
Jorgrun hits you with a +0 heavy quarterstaff!!
The grasping roots constrict you!
* * * LOW HITPOINT WARNING * * *
Jorgrun hits you with a +0 heavy quarterstaff!!
* * * LOW HITPOINT WARNING * * *
The grasping roots constrict you!
* * * LOW HITPOINT WARNING * * *
Jorgrun hits you with a +0 heavy quarterstaff!
You die...

....#.....# #....######
##..'.....# #.........#
##..#††..#####.........#
..#####'##.............#
......).......####.....#
#.............#..#.....#
#.............#..##'####
..............#.......#
#####.....#####.@##...#
# #.....# ##g##...#
#.....# ...#...# #.....#
....+...# #.....#
########## #######


You could see Jorgrun.

Vanquished Creatures
  Erolcha (D:9)
  An ogre mage (D:13)
  A boulder beetle (D:13)
  7 two-headed ogres
  2 centaur warriors (D:13)
  Nergalle (D:11)
  A deep elf knight (D:13)
  A skeletal warrior (D:13)
  2 deep elf pyromancers (D:13)
  A cyclops (D:11)
  3 ugly things
  2 manticores
  4 centaur skeletons (D:13)
  Psyche (D:11)
  2 tengu conjurers (D:13)
  A komodo dragon (D:11)
  3 meliai (D:13)
  A shadow (D:11)
  3 spriggans (Bailey)
  A wyvern (D:9)
  A human (D:6)
  2 wraiths
  24 yaks
  3 steam dragons
  A basilisk (D:13)
  8 vampire mosquitoes
  3 acid dragons
  2 water moccasins (D:6)
  4 orc warriors
  A black bear (D:4)
  2 sky beasts
  A boggart (D:13)
  5 ogres
  6 centaurs
  A phantom (D:4)
  6 kobold brigands
  4 bullfrogs
  4 scorpions
  18 wights
  4 electric eels (D:10)
  8 howler monkeys
  7 hounds
  3 jellies
  2 human zombies (D:6)
  4 orc priests
  A gnoll bouda (D:10)
  6 iguanas
  A sleepcap (D:4)
  Terence (D:3)
  8 orc wizards
  9 gnolls
  9 adders
  A white imp (D:6)
  4 ufetubi
  2 worms
  5 dart slugs
  60 orcs
  6 ball pythons
  8 bats
  7 endoplasms
  16 giant cockroaches
  7 goblins
  8 hobgoblins
  4 jackals
  24 kobolds
  13 quokkas
  9 frilled lizards
  7 rats
379 creatures vanquished.

Notes
Turn   | Place    | Note
-------+----------+-------------------------------------------
     0 | D:1      | McKennaii the Demigod Conjurer began the quest for the Orb.
     0 | D:1      | Reached XP level 1. HP: 14/14 MP: 5/5
   174 | D:1      | Reached XP level 2. HP: 20/20 MP: 1/7
   464 | D:1      | Reached skill level 4 in Conjurations
   814 | D:1      | Reached XP level 3. HP: 20/26 MP: 4/9
  1464 | D:2      | Learned a level 2 spell: Searing Ray
  2097 | D:3      | Reached XP level 4. HP: 33/33 MP: 7/11
  2232 | D:3      | Noticed Terence
  2240 | D:3      | Killed Terence
  2795 | D:3      | Reached XP level 5. HP: 29/38 MP: 8/13
  2796 | D:3      | Reached skill level 5 in Conjurations
  3037 | D:4      | Noticed a black bear
  3116 | D:4      | Reached XP level 6. HP: 13/45 MP: 4/15
  3214 | D:4      | Found a glowing drain.
  3237 | Sewer    | Entered a sewer
  3356 | Sewer    | Reached skill level 6 in Conjurations
  3739 | Sewer    | Reached skill level 5 in Spellcasting
  3739 | Sewer    | Reached XP level 7. HP: 43/50 MP: 9/18
  4389 | D:4      | Learned a level 4 spell: Iskenderun's Mystic Blast
  4671 | D:5      | Entered Level 5 of the Dungeon
  5040 | D:5      | Reached skill level 7 in Conjurations
  5110 | D:5      | Learned a level 5 spell: Fireball
  5281 | D:5      | Reached skill level 1 in Fire Magic
  5281 | D:5      | Reached XP level 8. HP: 57/57 MP: 15/20
  6342 | D:6      | Found a staircase to the Ecumenical Temple.
  6354 | D:6      | Reached skill level 8 in Conjurations
  7031 | D:6      | Found a runed translucent door.
  7354 | D:7      | Reached XP level 9. HP: 55/62 MP: 12/23
  8506 | D:8      | Reached skill level 5 in Fire Magic
  8704 | D:8      | Reached skill level 9 in Conjurations
  8736 | D:8      | Found a flagged portal.
  8799 | Bailey   | Entered a bailey
  8901 | Bailey   | Noticed a two-headed ogre
  8930 | Bailey   | Killed a two-headed ogre
  8967 | Bailey   | Reached XP level 10. HP: 48/69 MP: 22/26
  9241 | D:8      | Noticed a two-headed ogre
  9254 | D:8      | Killed a two-headed ogre
  9821 | D:8      | Identified 2 scrolls of acquirement
  9977 | D:8      | Found a transporter.
  9979 | D:8      | Found a transporter.
  9981 | D:8      | Found a transporter.
  9982 | D:8      | Found a transporter.
 10400 | D:9      | Noticed a boulder beetle
 10402 | D:9      | Noticed a manticore
 10410 | D:9      | Found a transporter.
 10417 | D:9      | Noticed Erolcha
 10427 | D:9      | Reached skill level 10 in Conjurations
 10486 | D:9      | Killed Erolcha
 10566 | D:9      | Found a transporter.
 11943 | D:10     | Entered Level 10 of the Dungeon
 12317 | D:10     | Found a staircase to the Orcish Mines.
 12450 | D:10     | Reached XP level 11. HP: 34/74 MP: 1/28
 12852 | D:10     | Noticed a two-headed ogre
 12857 | D:10     | Killed a two-headed ogre
 12858 | D:10     | Reached skill level 11 in Conjurations
 13437 | D:11     | Reached skill level 10 in Spellcasting
 13522 | D:11     | Noticed Nergalle
 13526 | D:11     | Killed Nergalle
 13546 | D:11     | Noticed Psyche
 13548 | D:11     | Killed Psyche
 14131 | D:11     | Found a staircase to the Lair.
 14480 | D:12     | Noticed a two-headed ogre
 14483 | D:12     | Killed a two-headed ogre
 14872 | D:13     | Noticed an ogre mage
 14873 | D:13     | Noticed a deep elf knight
 14876 | D:13     | Killed a deep elf knight
 14876 | D:13     | Killed an ogre mage
 14878 | D:13     | Reached skill level 12 in Conjurations
 14878 | D:13     | Reached XP level 12. HP: 81/81 MP: 17/31
 14886 | D:13     | Noticed a centaur warrior
 15477 | D:13     | Reached skill level 10 in Fire Magic
 15774 | D:13     | Killed a centaur warrior
 15918 | D:13     | Found a gate to the Vaults.
 16081 | D:13     | Found Repolusu's Antique Weapon Shop.
 16103 | D:13     | Noticed a boulder beetle
 16103 | D:13     | Noticed a boulder beetle
 16107 | D:13     | Noticed a centaur warrior
 16110 | D:13     | Killed a centaur warrior
 16169 | D:13     | Killed a boulder beetle
 16225 | D:13     | Noticed Jorgrun
 16236 | D:13     | HP: 4/81 [constriction (5)]
 16238 | D:13     | Slain by Jorgrun

Illustrated notes

Levels and vault maps discovered:
D:1:      dpeg_arrival_solitude, layout_loops_ring, st_stairs_7
D:2:      layout_rooms, minmay_quantized
D:3:      layout_basic, lemuel_doored_altar,
          mainiacjoe_overflow_concentric_impassable, uniq_terence
D:4:      layout_cave_pools, brannock_xom_greatest_gift, gup_sewer_entry_pipe,
          nrook_campfire
D:5:      layout_layer_cave, nemelex_spade_bored_becter
D:6:      layout_basic, dk_yredelemnul_ordeal, nicolae_overflow_hidden_temple,
          minmay_temple_entry_glassed_door
D:7:      layout_basic
D:8:      layout_layer_cave, grunt_dithmenos_smoke_and_mirrors, enter_bailey_7,
          nicolae_diode_quadrants
D:9:      layout_small_grid, gammafunk_temple_overflow_arena,
          serial_park_tiny_1, uniq_erolcha
D:10:     nicolae_moon_pools, layout_basic, david_orc_2, special_room
          [special_room_orc]
D:11:     layout_loops_ring, david_lair_shrubbed, uniq_nergalle, uniq_psyche
D:12:     layout_roguey
D:13:     layout_gridville, hangedman_vaults_entry_quadrant_bands, serial_shops,
          nicolae_square_shop, uniq_jorgrun

Skill      XL: |  1  2  3  4  5  6  7  8  9 10 11 12 |
---------------+-------------------------------------+-----
Spellcasting   | 2 3 4 5 6 7 8 9 10 11 | 11.5
Conjurations   | 4 5 6 7 8 9 10 12 | 12.8
Fire Magic     | 1 3 6 7 9 10 | 10.7
Dodging        | |  1.7
Stealth        | |  1.7

Action                     |  1- 3 |  4- 6 |  7- 9 | 10-12 || total
---------------------------+-------+-------+-------+-------++-------
  Melee: Unarmed           |     7 |       |       |       ||     7
         Dagger            |    21 |     2 |       |       ||    23
         Hand axe          |       |    42 |       |       ||    42
         Spear             |       |       |    18 |     3 ||    21
         Punch             |       |       |       |     2 ||     2
         Trident           |       |       |       |     5 ||     5
   Cast: Magic Dart        |   100 |    65 |   192 |   143 ||   500
         Searing Ray       |     1 |    21 |    53 |    33 ||   108
         Iskenderun's Myst |       |       |    17 |    65 ||    82
         Fireball          |       |       |       |   116 ||   116
  Evoke: Wand              |       |       |     3 |     2 ||     5
    Use: Scroll            |       |     2 |     8 |     6 ||    16
 Armour: Robe              |    17 |    23 |    10 |       ||    50
         Steam dragon scal |       |       |     1 |    17 ||    18
  Dodge: Dodged            |    39 |    67 |    90 |    80 ||   276
